 Dungeon Crawl Stone Soup version 0.24.0-2-g5b39cebb1c (webtiles) character file.

Game seed: 15537447829432836228, levelgen mode: deterministic

26705 Iamsoldier the Basher (level 13, -4/116 HPs)
             Began as a Minotaur Fighter on Oct 31, 2019.
             Was an Elder of Trog.
             Killed by mirror damage (19 damage)
             ... on level 13 of the Dungeon.
             The game lasted 01:22:12 (15721 turns).

Iamsoldier the Basher (Minotaur Fighter)           Turns: 15721, Time: 01:22:13

Health: -4/116     AC: 19    Str: 32    XL:     13   Next: 0%
Magic:  9/9        EV: 15    Int:  5    God:    Trog [****..]
Gold:   457        SH: 18    Dex: 12    Spells: 12/12 levels left

rFire    . . .     SeeInvis .   t - +3 flail (crush)
rCold    . . .     Gourm    .   c - +0 shield
rNeg     + . .     Faith    .   B - +1 chain mail
rPois    .         Spirit   .   (helmet restricted)
rElec    .         Reflect  +   (no cloak)
rCorr    .         Harm     .   j - +2 pair of gloves {Str+3}
MR       .....                  (no boots)
Stlth    ..........             a - +4 amulet of reflection
HPRegen  0.29/turn              o - ring of positive energy
MPRegen  0.11/turn              Q - +4 ring of evasion

@: mighty, berserk cooldown
A: retaliatory headbutt, hooves 1, horns 2, thin metallic scales 1, low mp 2
a: Berserk, Trog's Hand, Brothers in Arms, Renounce Religion


You were on level 13 of the Dungeon.
You worshipped Trog.
Trog was greatly pleased with you.
You were very hungry.

You visited 2 branches of the dungeon, and saw 14 of its levels.
You also visited: Ossuary.

You collected 953 gold pieces.
You spent 496 gold pieces at shops.

Inventory:

Hand Weapons
 g - a +2 great mace of protection
 n - a +0 great mace of crushing
 t - a +3 flail of crushing (weapon)
Missiles
 l - 107 bolts
 C - 15 boomerangs (quivered)
Armour
 c - a +0 shield (worn)
 j - a +2 pair of gloves of strength (worn)
 B - a +1 chain mail (worn)
Jewellery
 a - a +4 amulet of reflection (around neck)
 k - an uncursed ring of teleportation
 o - a ring of positive energy (left hand)
 u - an uncursed amulet of harm
 D - an uncursed ring of wizardry
 Q - a +4 ring of evasion (right hand)
 T - a +3 ring of protection
Wands
 A - a wand of paralysis (9)
 O - a wand of polymorph (14)
 S - a wand of random effects (28)
 V - a wand of acid (16)
 W - a wand of disintegration (22)
Scrolls
 e - 11 scrolls of identify
 h - 9 scrolls of remove curse
 r - a scroll of fog
 x - 4 scrolls of enchant weapon
 y - a scroll of amnesia
 z - 3 scrolls of teleportation
 E - 2 scrolls of enchant armour
 G - 4 scrolls of magic mapping
 I - 5 scrolls of fear
 K - 5 scrolls of random uselessness
 P - 2 scrolls of blinking
Potions
 b - a potion of resistance {unknown}
 d - 4 potions of might
 i - 2 potions of cancellation
 m - 2 potions of curing
 p - 3 potions of haste
 q - 4 potions of agility
 s - 4 potions of brilliance
 v - a potion of magic
 H - 2 potions of ambrosia
 L - 2 potions of flight
 R - a potion of degeneration
Comestibles
 f - 9 rations


   Skills:
 * Level 11.4 Fighting
 * Level 14.5 Maces & Flails
   Level 4.1 Polearms
 + Level 3.4 Throwing
 + Level 12.3 Armour
 + Level 5.5 Dodging
 + Level 12.1 Shields


You had 12 spell levels left.
You didn't know any spells.
Your spell library contained the following spells:

 Spells                   Type           Power        Failure   Level  Hunger
 Sandblast                Erth           #.....       95%         1    ##.....
 Passwall                 Tmut/Erth      #.......     98%         2    ###....
 Stone Arrow              Conj/Erth      #.....       100%        3    ####...
 Petrify                  Tmut/Erth      #.......     100%        4    #####..
 Lee's Rapid Deconstruct  Erth           #.........   100%        5    ######.


Dungeon Overview and Level Annotations

Branches:
Dungeon (13/15)            Temple (1/1) D:4            Lair (0/6) D:10
    Orc (0/2) D:12         Vaults (0/5) D:13        Ossuary (visited)

Altars:
Ashenzari
Cheibriados
Dithmenos
Elyvilon
Fedhas
Gozag
Hepliaklqana
Kikubaaqudgha
Makhleb
Nemelex Xobeh
Okawaru
Qazlal
Ru
Sif Muna
Trog
Uskayaw
Vehumet
Wu Jian
Xom
Yredelemnul
Zin
The Shining One

Shops:
D:5 %*?[(   D:11 *[[*[   D:12 [


Innate Abilities, Weirdness & Mutations

You reflexively headbutt those who attack you in melee.
You have a pair of horns on your head.
You have large cloven feet.
You are partially covered in thin metallic scales. (AC +2)
Your magical capacity is very low. (-20% MP)


Message History

* * * LOW HITPOINT WARNING * * *
You sock the cyclops!
You kill the cyclops!
Trog accepts your kill.
You have reached level 13!
You feel very mighty all of a sudden. You block the death knight's attack.
The death knight offers itself to Yredelemnul, and fills with unholy energy.
Things that are here:
4 large rocks; a +0 scimitar; a human corpse You bludgeon the death knight!!
Your kick misses the death knight. You headbutt the death knight.
The death knight is moderately wounded.
The death knight reflects your damage back at you!
* * * LOW HITPOINT WARNING * * *
You barely miss the death knight. You kick the death knight!
You headbutt the death knight!
The death knight is severely wounded.
The death knight reflects your damage back at you!
You die...

.... #.######.....#
#... #........###.#
#...###.#####.# #.#
#.........#...# #.###
##.########.### #...#
# #.# ###}###
#'########.# #...#
...........#########.#
.........†(.JWp@.....#
..........############
..........#
.........W#
..........#
........(.#
..........#
..........#
..........#


You could see a death knight, a wraith and a jelly.

Vanquished Creatures
  Rupert (D:13)
  4 two-headed ogres
  A death knight (D:13)
  2 tengu warriors
  A skeletal warrior (D:13)
  2 unseen horrors
  A phantasmal warrior (D:13)
  Pikel (D:9)
  An orc knight (D:13)
  2 ugly things (D:13)
  A cyclops (D:13)
  Maurice (D:12)
  5 freezing wraiths (D:13)
  A komodo dragon (D:11)
  2 trolls (D:11)
  A tengu conjurer (D:13)
  2 hornets
  4 slime creatures (D:13)
  3 hippogriffs
  2 wyverns
  A spriggan (D:10)
  12 yaks
  A shadow (D:13)
  A hungry ghost (D:11)
  2 steam dragons
  13 humans (D:13)
  A water moccasin (D:10)
  Duvessa (D:7)
  3 sky beasts
  An orc warrior (D:12)
  2 slaves (D:9)
  4 phantoms
  3 ice beasts
  4 ogres
  7 centaurs
  2 big kobolds
  8 bullfrogs
  A wyvern zombie (D:6)
  Dowan (D:7)
  A water moccasin zombie (D:6)
  11 scorpions
  A water moccasin skeleton (D:6)
  5 electric eels (D:12)
  6 howler monkeys
  3 crimson imps
  2 bullfrog zombies
  7 centaur zombies
  3 hounds
  A human zombie (Ossuary)
  4 jellies
  3 centaur skeletons
  3 orc priests
  5 orc wizards
  5 bullfrog skeletons
  3 iguanas
  10 worker ants
  2 big kobold zombies (Ossuary)
  3 mummies (Ossuary)
  A worker ant zombie (D:5)
  A howler monkey zombie (D:9)
  11 gnolls
  5 scorpion zombies (Ossuary)
  13 adders
  2 shadow imps
  3 oozes
  An adder zombie (D:8)
  A worm (D:6)
  4 dart slugs
  7 leopard geckos
  25 orcs
  8 bats
  6 giant cockroaches
  7 goblins
  9 hobgoblins
  9 jackals
  16 kobolds
  6 quokkas
  4 ball pythons
  5 frilled lizards
  2 goblin zombies (Ossuary)
  2 hobgoblin zombies (Ossuary)
  A jackal skeleton (D:4)
  2 jackal zombies
  2 kobold zombies (Ossuary)
  A leopard gecko skeleton (D:4)
  An orc zombie (Ossuary)
  A quokka zombie (D:5)
  12 rats
352 creatures vanquished.

Vanquished Creatures (collateral kills)
  A centaur warrior (D:13)
  2 humans (D:13)
  A sky beast (D:13)
  A hound (D:13)
5 creatures vanquished.

Vanquished Creatures (others)
  A centaur warrior (D:13)
  A slave (D:9)
  3 centaurs
  A scorpion (Ossuary)
  2 orcs (D:12)
  2 kobolds (D:11)
10 creatures vanquished.

Grand Total: 367 creatures vanquished

Notes
Turn   | Place    | Note
-------+----------+-------------------------------------------
     0 | D:1      | Iamsoldier the Minotaur Fighter began the quest for the
                  | Orb.
     0 | D:1      | Reached XP level 1. HP: 19/19 MP: 0/0
   310 | D:1      | Reached XP level 2. HP: 27/27 MP: 1/1
   959 | D:2      | Reached XP level 3. HP: 33/33 MP: 2/2
   972 | D:2      | Reached skill level 1 in Dodging
  1411 | D:2      | Reached XP level 4. HP: 40/40 MP: 3/3
  2094 | D:3      | Reached XP level 5. HP: 36/46 MP: 4/4
  2097 | D:3      | Reached skill level 1 in Maces & Flails
  3033 | D:4      | Noticed an ogre
  3040 | D:4      | Reached skill level 2 in Maces & Flails
  3040 | D:4      | Reached skill level 5 in Shields
  3055 | D:4      | Found a staircase to the Ecumenical Temple.
  3149 | D:4      | Killed an ogre
  3149 | D:4      | Reached XP level 6. HP: 15/52 MP: 5/5
  3338 | D:4      | Reached skill level 3 in Maces & Flails
  3338 | D:4      | Reached skill level 5 in Armour
  3375 | D:4      | Found a sacrificial altar of Ru.
  3459 | Temple   | Entered the Ecumenical Temple
  3668 | Temple   | Became a worshipper of Trog the Wrathful
  4051 | D:5      | Entered Level 5 of the Dungeon
  4144 | D:5      | Found Gehug's Antique Armour Emporium.
  4150 | D:5      | Reached skill level 4 in Maces & Flails
  4203 | D:5      | Reached XP level 7. HP: 30/60 MP: 6/6
  4372 | D:5      | Found Jyroutz's Food Boutique.
  4382 | D:5      | Found a sand-covered staircase.
  4393 | Ossuary  | Entered an ossuary
  4452 | Ossuary  | Reached skill level 5 in Maces & Flails
  4539 | Ossuary  | Reached * piety under Trog
  4549 | Ossuary  | Reached skill level 6 in Maces & Flails
  4740 | Ossuary  | Reached XP level 8. HP: 55/67 MP: 7/7
  4761 | Ossuary  | Reached skill level 7 in Maces & Flails
  5064 | D:5      | Found Sirabrye's Magic Scroll Shop.
  5075 | D:5      | Found Erphuisi's Weapon Boutique.
  5086 | D:5      | Bought a scroll of teleportation for 33 gold pieces
  5086 | D:5      | Bought a scroll of teleportation for 33 gold pieces
  5086 | D:5      | Bought a scroll of identify for 22 gold pieces
  5086 | D:5      | Bought a scroll of remove curse for 33 gold pieces
  5295 | D:5      | Found a burning altar of Makhleb.
  5342 | D:5      | Found a stormy altar of Qazlal.
  5345 | D:5      | Found a white marble altar of Elyvilon.
  5348 | D:5      | Found a hide-covered altar of Uskayaw.
  5410 | D:5      | Found Haghu's General Store.
  5430 | D:5      | Reached skill level 8 in Maces & Flails
  5545 | D:5      | Reached ** piety under Trog
  6026 | D:6      | Reached skill level 5 in Fighting
  6026 | D:6      | Reached skill level 9 in Maces & Flails
  6287 | D:6      | Reached XP level 9. HP: 67/74 MP: 8/8
  6607 | D:7      | Noticed Duvessa
  6626 | D:7      | Noticed Dowan
  6627 | D:7      | Killed Duvessa
  6638 | D:7      | Killed Dowan
  6652 | D:7      | Reached skill level 10 in Maces & Flails
  7735 | D:8      | Noticed a two-headed ogre
  7745 | D:8      | Killed a two-headed ogre
  7745 | D:8      | Reached *** piety under Trog
  7954 | D:8      | Reached skill level 1 in Throwing
  8213 | D:9      | Reached XP level 10. HP: 59/84 MP: 9/9
  8220 | D:9      | Noticed Pikel
  8251 | D:9      | Killed Pikel
  8489 | D:9      | Noticed a two-headed ogre
  8501 | D:9      | Killed a two-headed ogre
  8597 | D:9      | Gained mutation: Your magical capacity is low. (-10% MP)
                  | [potion of mutation]
  8597 | D:9      | Gained mutation: You are partially covered in thin metallic
                  | scales. (AC +2) [potion of mutation]
  8597 | D:9      | Gained mutation: Your magical capacity is very low. (-20%
                  | MP) [potion of mutation]
  8597 | D:9      | Gained mutation: You have large cloven feet. [potion of
                  | mutation]
  8654 | D:9      | Reached skill level 10 in Armour
  9051 | D:10     | Entered Level 10 of the Dungeon
  9141 | D:10     | Found a staircase to the Lair.
 10090 | D:10     | Killed an unseen horror
 10478 | D:11     | Paralysed by a hornet for 3 turns
 10673 | D:11     | Reached XP level 11. HP: 95/95 MP: 7/7
 10682 | D:11     | Reached skill level 11 in Maces & Flails
 10690 | D:11     | Reached **** piety under Trog
 10697 | D:11     | Noticed a two-headed ogre
 10709 | D:11     | Killed a two-headed ogre
 10709 | D:11     | Reached skill level 10 in Shields
 11003 | D:11     | Found Ciyppefy's Antique Armour Shoppe.
 11046 | D:11     | Bought a pair of glowing gloves for 255 gold pieces
 11129 | D:11     | Found Hiobrueq's General Store.
 11151 | D:11     | Bought a scroll of enchant weapon for 120 gold pieces
 11160 | D:11     | Found Kesarioh's Antique Armour Emporium.
 11236 | D:11     | Found Kah Xusmoxt's General Store.
 11343 | D:11     | Found Ziuzinet's Antique Armour Emporium.
 11615 | D:12     | Noticed Maurice
 11638 | D:12     | Killed Maurice
 11638 | D:12     | Reached skill level 12 in Maces & Flails
 11831 | D:12     | Reached skill level 5 in Dodging
 12035 | D:12     | Found a staircase to the Orcish Mines.
 12639 | D:12     | Killed an unseen horror
 12744 | D:12     | Noticed a tengu warrior
 12763 | D:12     | Killed a tengu warrior
 14209 | D:12     | Found Cheibriados's Comfort Zone.
 14210 | D:12     | Found a snail-covered altar of Cheibriados.
 14411 | D:13     | Found a gate to the Vaults.
 14411 | D:13     | Noticed a centaur warrior
 14411 | D:13     | Noticed an orc knight
 14411 | D:13     | Noticed Rupert
 14411 | D:13     | Noticed a centaur warrior
 14411 | D:13     | Noticed a two-headed ogre
 14456 | D:13     | Noticed a brown ugly thing
 14459 | D:13     | Noticed a red ugly thing
 14463 | D:13     | Killed a brown ugly thing
 14476 | D:13     | Killed a red ugly thing
 14476 | D:13     | Reached skill level 10 in Fighting
 14479 | D:13     | Noticed a death knight
 14488 | D:13     | Killed a death knight
 14488 | D:13     | Reached XP level 12. HP: 91/106 MP: 8/8
 14779 | D:13     | Noticed a tengu warrior
 14780 | D:13     | Killed a centaur warrior
 14791 | D:13     | Killed a tengu warrior
 14794 | D:13     | Reached skill level 13 in Maces & Flails
 14802 | D:13     | Received a gift from Trog
 14842 | D:13     | Killed a two-headed ogre
 15115 | D:13     | Killed a centaur warrior
 15168 | D:13     | HP: 3/108 [Rupert/+0 great mace of crushing (21)]
 15184 | D:13     | Killed Rupert
 15184 | D:13     | Reached skill level 14 in Maces & Flails
 15666 | D:13     | Noticed a death knight
 15717 | D:13     | Reached XP level 13. HP: 29/116 MP: 9/9
 15721 | D:13     | Killed by mirror damage

Levels and vault maps discovered:
D:1:      saegor_arrival_simple_d, layout_basic, nrook_mini_vaults
D:2:      layout_basic
D:3:      minmay_general_purpose_star, layout_basic, kennysheep_generic_room_16
D:4:      layout_cave_pools, minmay_temple_entry_sparse_star, first_ration,
          nicolae_ru_great_annihilating_truth
D:5:      layout_basic, grunt_temple_overflow_cloverleaf,
          nicolae_ossuary_entry_ruins, serial_shops, nicolae_shop_behind_doors,
          shop, nicolae_shop_waterfront, shop, shop_scrolls
D:6:      layout_loops_corners, kennysheep_pointless_box
D:7:      layout_loops_ring, uniq_duvessa
D:8:      layout_loops_cross
D:9:      nicolae_whirlpool, layout_cave_pools, uniq_pikel
D:10:     layout_loops_cross, lair_entry_dummy, grunt_pizzeria
D:11:     layout_loops_ring, serial_shops, shop, shop_statue,
          kennysheep_little_box, shop_statue, shop
D:12:     layout_basic, orc_0_dummy, skrybe_limestone_x, minmay_shop_chei,
          uniq_maurice
D:13:     layout_basic, david_vaults_3, serial_shops, shop
Temple:   hc_temple_tempest_star

Skill      XL: |  1  2  3  4  5  6  7  8  9 10 11 12 |
---------------+-------------------------------------+-----
Shields        | 4 5 6 7 8 9 10 12 | 12.1
Armour         | 4 5 6 9 11 12 | 12.3
Dodging        | 1 2 4 5 |  5.5
Fighting       | 4 5 6 8 10 11 | 11.4
Polearms       | 3 4 |  4.1
Maces & Flails | 2 4 6 9 10 12 14 | 14.5
Throwing       | 1 2 3 |  3.4

Action                   |  1- 3 |  4- 6 |  7- 9 | 10-12 | 13-15 || total
-------------------------+-------+-------+-------+-------+-------++-------
Melee: Trident           |    99 |    17 |       |       |       ||   116
       Headbutt          |    15 |    23 |    67 |   131 |     2 ||   238
       Flail             |       |   131 |   347 |   538 |     2 ||  1018
       Kick              |       |       |       |   169 |     1 ||   170
Throw: Boomerang         |       |     2 |     4 |    36 |       ||    42
Invok: Berserk           |       |       |     1 |     7 |       ||     8
       Trog's Hand       |       |       |       |     5 |       ||     5
       Brothers in Arms  |       |       |       |     2 |       ||     2
  Use: Scroll            |       |     3 |       |    14 |       ||    17
       Potion            |       |       |       |    27 |     1 ||    28
 Stab: Paralysed         |       |     2 |       |       |       ||     2
       Invisible         |       |     1 |       |     2 |       ||     3
  Eat: Ration            |     1 |     1 |     2 |     9 |       ||    13
       Chunk             |       |     3 |     8 |     2 |       ||    13
Armor: Scale mail        |    33 |    47 |       |       |       ||    80
       Chain mail        |       |    33 |   133 |   226 |       ||   392
Dodge: Dodged            |    17 |    54 |   123 |   189 |       ||   383
Block: Shield            |    55 |   110 |   193 |   387 |     1 ||   746
       Reflection        |       |       |       |    33 |       ||    33
